 Dungeon Crawl Stone Soup version 0.25-a0-178-gc9f82b1288 (webtiles) character file.

Game seed: 2978002053007571121, levelgen mode: deterministic

132 vurker the Gusty (level 5, -2/29 HPs)
             Began as a Tengu Air Elementalist on Nov 26, 2019.
             Killed from afar by an orc wizard (4 damage)
             ... with a magic dart
             ... on level 3 of the Dungeon.
             The game lasted 00:04:45 (2993 turns).

vurker the Gusty (Tengu Air Elementalist)           Turns: 2993, Time: 00:04:45

Health: -2/29      AC:  2    Str:  8    XL:     5   Next: 15%
Magic:  0/10       EV: 13    Int: 16    God:
Gold:   134        SH:  0    Dex: 15    Spells: 8/9 levels left

rFire    . . .     SeeInvis .   n - +1 dagger (freeze)
rCold    . . .     Gourm    .   (no shield)
rNeg     . . .     Faith    .   a - +0 robe
rPois    +         Spirit   .   (helmet restricted)
rElec    .         Reflect  .   (no cloak)
rCorr    .         Harm     .   (no gloves)
MR       +....                  (boots unavailable)
Stlth    ++........             (no amulet)
HPRegen  0.09/turn              p - ring of protection from magic
MPRegen  0.12/turn              h - ring of poison resistance

@: no status effects
A: beak, talons 3, able to fly
a: Fly


You were on level 3 of the Dungeon.
You were not hungry.

You visited 1 branch of the dungeon, and saw 3 of its levels.

You collected 134 gold pieces.

Inventory:

Hand Weapons
 n - a +1 dagger of freezing (weapon)
   (You took it off an orc on level 3 of the Dungeon)
Armour
 a - a +0 robe (worn)
 b - a +0 buckler
   (You found it on level 1 of the Dungeon)
Jewellery
 g - an uncursed ring of ice
   (You found it on level 2 of the Dungeon)
 h - a ring of poison resistance (right hand)
   (You found it on level 1 of the Dungeon)
 p - a ring of protection from magic (left hand)
   (You found it on level 2 of the Dungeon)
 v - an uncursed ring of positive energy
   (You found it on level 3 of the Dungeon)
Scrolls
 c - a scroll of remove curse {unknown}
 d - a scroll of identify {unknown}
 i - a scroll of random uselessness {unknown}
 m - a scroll of enchant weapon {unknown}
 q - a scroll of noise {unknown}
Potions
 f - a potion of brilliance {unknown}
 j - a potion of resistance {unknown}
 k - 3 potions of curing {unknown}
 l - a potion of heal wounds {unknown}
 o - a potion of ambrosia {unknown}
 r - a potion of flight {unknown}
 s - a potion of might {unknown}
 t - a potion of cancellation {unknown}
 u - a potion of lignification {unknown}
Comestibles
 e - 4 rations
 w - a chunk of flesh


   Skills:
 + Level 1.3 Fighting
 - Level 2.1 Dodging
 - Level 2.0 Stealth
 + Level 1.2 Shields
 * Level 2.9 Spellcasting
 * Level 3.2 Conjurations
 * Level 5.1 Air Magic


You had 8 spell levels left.
You knew the following spells:

 Your Spells              Type           Power        Failure   Level  Hunger
a - Shock                 Conj/Air       ###.         3%          1    #......

Your spell library contained the following spells:

 Spells                   Type           Power        Failure   Level  Hunger
 Swiftness                Chrm/Air       ##......     10%         2    ##.....
 Static Discharge         Conj/Air       ###.....     10%         3    ###....
 Airstrike                Air            ###.......   22%         4    #####..
 Lightning Bolt           Conj/Air       ###.......   67%         5    ######.


Dungeon Overview and Level Annotations

Branches:
Dungeon (3/15)

Altars:
Ru


Innate Abilities, Weirdness & Mutations

You have a beak for a mouth.
You have claws for feet.
You can fly continuously.


Message History

The zap hits something but does no damage.
The zap misses the orc wizard.
The orc throws a boomerang.
The boomerang hits you but does no damage.
The weapon returns to the orc!
The orc wizard mumbles some strange words.
The orc wizard blinks!
Aim: an orc, wielding a +0 dagger The zap hits the orc.
The zap hits something.
Aim: an orc, wielding a +0 dagger (heavily wounded)
The zap hits the orc.
You kill the orc!
Aim: an orc wizard, wielding a +0 dagger and wearing a +0 robe (lightly wounded, fast)
The zap misses the orc wizard.
You hear some strange, mumbled words.
A puff of flame appears from out of thin air!
The puff of flame hits you!
Aim: an orc wizard, wielding a +0 dagger and wearing a +0 robe (lightly wounded, fast)
The zap hits something.
The zap hits the orc wizard.
Aim: an orc wizard, wielding a +0 dagger and wearing a +0 robe (moderately wounded, fast)
The zap hits something.
The zap hits the orc wizard.
Aim: an orc wizard, wielding a +0 dagger and wearing a +0 robe (heavily wounded, fast)
The zap hits the orc wizard but does no damage.
The orc wizard hits you with a +0 dagger.
Something hits you!
* * * LOW HITPOINT WARNING * * *
The orc wizard hits you with a +0 dagger.
* * * LOW HITPOINT WARNING * * *
You hit the orc wizard but do no damage.
You peck the orc wizard. Something hits you.
* * * LOW HITPOINT WARNING * * *
The orc wizard hits you but does no damage.
Aim: an orc wizard, wielding a +0 dagger and wearing a +0 robe (severely wounded, fast)
The zap hits the orc wizard.
The orc wizard gestures wildly while chanting.
The orc wizard blinks!
Something hits you.
* * * LOW HITPOINT WARNING * * *
You don't have enough magic to cast that spell.
Something hits you but does no damage.
The orc wizard gestures at you while chanting.
The magic dart hits you.
* * * LOW HITPOINT WARNING * * *
The orc wizard hits you but does no damage.
You barely miss the orc wizard. Your peck misses the orc wizard.
The orc wizard gestures wildly while chanting.
The orc wizard blinks!
Something barely misses you.
The orc wizard points at you and mumbles some strange words.
The magic dart hits you.
You die...

##.## #.#####.[# #.#
#........# #># ######...##
#.## ##.>...## #..##
##.......## #
####...####.........###....
..........'.........†).....
####....###.....§...###....
#.....###o...@..## .
#.....# ##.....## #.....#
##...## ##...## ##'## ##.##
#.# #.# #.# #.# ##.##
#.#### ##...## #....#
#.....###


You could see an orc wizard.

Vanquished Creatures
  7 adders
  4 worms (D:2)
  A dart slug (D:2)
  2 leopard geckos
  5 orcs (D:3)
  A giant cockroach (D:1)
  4 goblins
  7 hobgoblins
  3 jackals (D:2)
  A bat (D:2)
  4 frilled lizards
  5 kobolds
  8 rats
52 creatures vanquished.

Notes
Turn   | Place    | Note
-------+----------+-------------------------------------------
     0 | D:1      | vurker the Tengu Air Elementalist began the quest for the
                  | Orb.
     0 | D:1      | Reached XP level 1. HP: 10/10 MP: 4/4
   210 | D:1      | Reached XP level 2. HP: 15/15 MP: 3/6
   841 | D:2      | Reached XP level 3. HP: 20/20 MP: 3/7
  1061 | D:2      | Found a sacrificial altar of Ru.
  1361 | D:2      | Reached skill level 1 in Fighting
  1466 | D:2      | Reached XP level 4. HP: 25/25 MP: 6/8
  1580 | D:2      | Reached skill level 1 in Shields
  2479 | D:3      | Reached skill level 5 in Air Magic
  2479 | D:3      | Gained mutation: You can fly continuously. [Tengu growth]
  2479 | D:3      | Reached XP level 5. HP: 5/29 MP: 4/10
  2991 | D:3      | HP: 1/29 [orc wizard/magic dart (6)]
  2993 | D:3      | Killed from afar by an orc wizard

Levels and vault maps discovered:
D:1:      matt_arrival_diagonals, layout_rooms, serial_bayou_lake_a
D:2:      layout_loops_cross, lemuel_round_altar
D:3:      layout_loops_corners, makhleb_blood_cavern_becter,
          portal_sewer_entry_d

Skill      XL: |  1  2  3  4 |
---------------+-------------+-----
Conjurations   | 2 3 |  3.2
Fighting       | 1 |  1.3
Shields        | 1 |  1.2
Air Magic      | 5 |  5.1
Dodging        | |  2.1
Stealth        | |  2.0
Spellcasting   | |  2.9

Action                   |  1- 3 |  4- 6 || total
-------------------------+-------+-------++-------
Melee: Unarmed           |     5 |     3 ||     8
       Peck              |     2 |     3 ||     5
       Kick              |     1 |     1 ||     2
       Dagger            |       |     8 ||     8
 Cast: Shock             |    65 |    64 ||   129
  Eat: Chunk             |     2 |     5 ||     7
Armor: Robe              |       |     5 ||     5
Dodge: Dodged            |     7 |    15 ||    22

Table legend:
 A = Non-vault XP
 B = Vault XP
 C = Vault XP percentage of total XP
 D = Non-vault monster count
 E = Vault monster count
 F = Vault count percentage of total count
                 A         B        C        D         E       F
            +---------+---------+-------+---------+---------+-------
      Total |     176 |      13 |   6.9 |      51 |       1 |   1.9
            +---------+---------+-------+---------+---------+-------
        D:1 |      26 |       0 |   0.0 |      17 |       0 |   0.0
        D:2 |      86 |       0 |   0.0 |      21 |       0 |   0.0
        D:3 |      64 |      13 |  16.9 |      13 |       1 |   7.1
            +---------+---------+-------+---------+---------+-------
